 Dungeon Crawl Stone Soup version 0.31-a0-188-g5e087ee2ca (webtiles) character file.

Game seed: 432080272968178388

658 qw the Skirmisher (level 7, 0/40 HPs)
             Began as a Deep Elf Hunter on June 23, 2023.
             Slain by a centaur (1 damage)
             ... on level 5 of the Dungeon.
             The game lasted 00:01:19 (2377 turns).

qw the Skirmisher (Deep Elf Hunter)                 Turns: 2377, Time: 00:01:20

Health: 0/40       AC:  6    Str: 10    XL:     7   Next: 29%
Magic:  9/9        EV: 11    Int: 14    God:
Gold:   186        SH:  0    Dex: 18    Spells: 6/6 levels left

rFire   . . .        Y - +1 shortbow (drain)
rCold   . . .        (shield currently unavailable)
rNeg    . . .        i - +0 ring mail
rPois   .            (no helmet)
rElec   .            (no cloak)
rCorr   .            b - +0 pair of gloves
SInv    .            (no boots)
Will    .....        (no amulet)
Stlth   +            (no ring)
HPRegen 0.26/turn    (no ring)
MPRegen 0.11/turn

%: no passive effects
@: no status effects
A: no striking features
a: no special abilities


You were on level 5 of the Dungeon.
You visited 1 branch of the dungeon, and saw 5 of its levels.

You collected 214 gold pieces.
You spent 28 gold pieces at shops.


   Skills:
 - Level 2.9 Fighting
 + Level 10.4 Ranged Weapons
 - Level 1.2 Armour
 - Level 3.3 Dodging
 - Level 1.2 Stealth


You had 6 spell levels left.
You didn't know any spells.
Your spell library was empty.

Inventory:

Hand Weapons
 Y - a +1 shortbow of draining (weapon)
Armour
 b - a +0 pair of gloves (worn)
 i - a +0 ring mail (worn)
Jewellery
 a - a ring of resist corrosion
Scrolls
 f - a scroll of identify
Potions
 c - a potion of enlightenment
 d - a potion of cancellation {unknown}
 e - a potion of degeneration {unknown}
 h - a potion of invisibility {unknown}
 j - 2 potions of curing

Dungeon Overview and Level Annotations

Branches:
Dungeon (5/15)
 Temple: D:4-7

Altars:
Kikubaaqudgha

Shops:
D:1 ?*(   D:5 [


Message History

Something hits you.
The centaur shoots an arrow.
The arrow hits you!
You shoot an arrow.
The arrow hits the scorpion but does no damage.
You drain the scorpion.
The scorpion is almost dead.
The scorpion barely misses you.
The centaur shoots an arrow.
The arrow hits you!
You hear some strange, mumbled words.
Something tries to affect you, but you resist.
You shoot an arrow. The arrow closely misses the scorpion.
The centaur shoots an arrow.
The arrow hits you but does no damage. The scorpion barely misses you.
You hear some strange, mumbled words.
A puff of flame appears from out of thin air!
The puff of flame misses you.
You shoot an arrow.
The arrow completely misses the scorpion.
The scorpion closely misses you.
The centaur unwields a +0 orcbow.
The centaur hits you but does no damage.
The centaur kicks you but does no damage.
Something hits you.
The scorpion stings you but does no damage.
You shoot an arrow. The arrow hits the scorpion!
You kill the scorpion!
The centaur hits you. The centaur misses you.
Something hits you but does no damage.
Your Armour skill increases to level 1!
You shoot an arrow. The arrow hits the centaur!
The centaur is severely wounded.
The centaur closely misses you. x2; The centaur misses you.
The centaur kicks you but does no damage.
Something hits you.
You shoot an arrow.
The arrow hits the centaur but does no damage.
The centaur is severely wounded.
The centaur misses you.
The centaur kicks you but does no damage.
Something hits you.
You shoot an arrow. The arrow closely misses the centaur.
The centaur hits you.
You die...

# #.# . #.# #. #.#
####.#####.#
........##.######.
........).........
###.##.##...#####
#...##(#....#
#.{@.#....#
#.c..#..#.#
..'..~~~.>#.#
##.#.~~~~~.#.#####
..
....\~~.....%.##
##
..)~~~~~.###.##<#
.....~~~..# #.##.#
#......#####
#.##.# . #.##.#


You could see a centaur.

Vanquished Creatures
  2 black bears
  An ogre (D:4)
  A scorpion (D:5)
  2 jellies
  An orc priest (D:5)
  10 gnolls
  6 adders
  2 worms
  2 dart slugs
  7 orcs
  7 ball pythons
  4 endoplasms
  2 giant cockroaches (D:2)
  6 hobgoblins
  7 jackals
  4 quokkas
  3 bats (D:1)
  5 frilled lizards
  5 goblins
  7 kobolds
  3 rats
87 creatures vanquished.

Notes
Turn   | Place    | Note
-------+----------+-------------------------------------------
     0 | D:1      | qw the Deep Elf Hunter began the quest for the Orb.
     0 | D:1      | Reached XP level 1. HP: 12/12 MP: 3/3
     0 | D:1      | 0 ||| qw: Version: 0.3-a-9-g12657ce
     0 | D:1      | 0 ||| qw: Game counter: 4162
     0 | D:1      | 0 ||| qw: Always use a shield: true
     0 | D:1      | 0 ||| qw: God list: Okawaru
     0 | D:1      | 0 ||| qw: Allow faded altars: false
     0 | D:1      | 0 ||| qw: Do Orc after D:15 true
     0 | D:1      | 0 ||| qw: Do second Lair branch before Depths: true
     0 | D:1      | 0 ||| qw: Lair rune preference: random
     0 | D:1      | 0 ||| qw: Plans: Normal
     0 | D:1      | 0 ||| PLANNING D:1-11
   208 | D:1      | Found Odusaydd's Magic Scroll Boutique.
   219 | D:1      | 219 ||| BUYING scroll of identify (28 gold).
   219 | D:1      | Bought a scroll of identify for 28 gold pieces
   219 | D:1      | 219 ||| SHOPLISTING scroll of identify (28 gold, have 10).
   222 | D:1      | Reached skill level 6 in Ranged Weapons
   222 | D:1      | Reached XP level 2. HP: 16/16 MP: 4/4
   264 | D:1      | Found Anyrebol's Assorted Antiques.
   265 | D:1      | Found a faded altar of an unknown god.
   272 | D:1      | 272 ||| SHOPLISTING 2 scrolls of identify (80 gold, have
                  | 10).
   272 | D:1      | 272 ||| SHOPLISTING glowing ring mail (140 gold, have 10).
   272 | D:1      | 272 ||| SHOPLISTING scroll of identify (40 gold, have 10).
   272 | D:1      | 272 ||| SHOPLISTING tubular iron ring (100 gold, have 10).
   272 | D:1      | 272 ||| SHOPLISTING yellow potion (18 gold, have 10).
   348 | D:1      | Found Imuusa's Weapon Emporium.
   353 | D:1      | 353 ||| UPGRADING to +0 ring mail.
   363 | D:1      | 363 ||| DROPPING +0 leather armour.
   364 | D:1      | 364 ||| READING scroll labelled FIPNIC PYAHOUN.
   365 | D:1      | 365 ||| READING scroll labelled ZINKEFEHAB.
   366 | D:1      | 366 ||| READING scroll labelled MAGUXE USIJOING.
   367 | D:1      | 367 ||| FLEEEEING.
   369 | D:1      | 369 ||| FLEEEEING.
   370 | D:1      | 370 ||| FLEEEEING.
   371 | D:1      | 371 ||| FLEEEEING.
   372 | D:1      | 372 ||| FLEEEEING.
   373 | D:1      | 373 ||| FLEEEEING.
   378 | D:1      | 378 ||| FLEEEEING.
   389 | D:1      | 389 ||| FLEEEEING.
   526 | D:1      | 526 ||| SHOPLISTING +1 heavy shortbow (136 gold, have 19).
   526 | D:1      | 526 ||| READING scroll labelled MUAWUETEGOGH.
   527 | D:1      | 527 ||| READING scroll labelled CAELIO RUGIKKI.
   528 | D:1      | 528 ||| DRINKING 2 fuming brown potions.
   529 | D:1      | 529 ||| READING 2 scrolls of identify.
   529 | D:1      | 529 ||| IDENTIFYING sedimented cyan potion
   530 | D:1      | 530 ||| DROPPING scroll of butterflies.
   687 | D:2      | Reached XP level 3. HP: 18/20 MP: 5/5
   711 | D:2      | Reached skill level 7 in Ranged Weapons
   866 | D:2      | 866 ||| Stepping ~*~*~tactically~*~*~ (outnumbered).
   868 | D:2      | 868 ||| Stepping ~*~*~tactically~*~*~ (outnumbered).
   879 | D:2      | Reached XP level 4. HP: 20/25 MP: 6/6
   910 | D:2      | 910 ||| FLEEEEING.
   999 | D:2      | HP: 5/25 [gnoll/+0 club (3)]
  1000 | D:2      | Reached skill level 8 in Ranged Weapons
  1000 | D:2      | 1000 ||| DRINKING potion of heal wounds.
  1052 | D:2      | Reached XP level 5. HP: 23/29 MP: 7/7
  1360 | D:2      | 1360 ||| READING 2 scrolls labelled PEMOYM KIPAOW.
  1361 | D:2      | 1361 ||| READING scroll labelled WITHUGRATU.
  1362 | D:2      | 1362 ||| READING scroll labelled NARRYU ESUUDD.
  1363 | D:2      | 1363 ||| READING scroll labelled PAOSID OQUA.
  1364 | D:2      | 1364 ||| READING scroll labelled BYIN YRONU.
  1365 | D:2      | 1365 ||| READING 3 scrolls of identify.
  1365 | D:2      | 1365 ||| IDENTIFYING yellow potion
  1366 | D:2      | 1366 ||| DROPPING scroll of blinking.
  1367 | D:2      | 1367 ||| DROPPING potion of lignification.
  1584 | D:3      | Reached skill level 9 in Ranged Weapons
  1745 | D:3      | Found an ancient bone altar of Kikubaaqudgha.
  1845 | D:3      | 1845 ||| UPGRADING to +0 pair of gloves.
  1850 | D:3      | 1850 ||| READING 3 scrolls of identify.
  1850 | D:3      | 1850 ||| IDENTIFYING bubbling ruby potion
  1851 | D:3      | 1851 ||| READING 2 scrolls of identify.
  1851 | D:3      | 1851 ||| IDENTIFYING clear potion
  1852 | D:3      | 1852 ||| DROPPING potion of berserk rage.
  2043 | D:4      | Noticed a black bear
  2050 | D:4      | Killed a black bear
  2051 | D:4      | Reached XP level 6. HP: 36/36 MP: 8/8
  2300 | D:4      | 2300 ||| READING scroll labelled MUNGOMNYSS.
  2304 | D:4      | 2304 ||| READING scroll labelled BANKEU CODA.
  2315 | D:5      | Entered Level 5 of the Dungeon
  2318 | D:5      | Reached skill level 10 in Ranged Weapons
  2318 | D:5      | Reached XP level 7. HP: 40/40 MP: 9/9
  2320 | D:5      | Found Zoesm's Armour Boutique.
  2341 | D:5      | 2341 ||| Stepping ~*~*~tactically~*~*~ (outnumbered).
  2345 | D:5      | Reached skill level 3 in Dodging
  2373 | D:5      | HP: 9/40 [something (2)]
  2375 | D:5      | Reached skill level 1 in Armour
  2375 | D:5      | HP: 2/40 [something (3)]
  2377 | D:5      | Slain by a centaur

Levels and vault maps discovered:
D:1:      dpeg_arrival_pond, layout_rooms, hellmonk_ecumenical_altar_run_dry,
          serial_shops, shop, shop, nicolae_shop_gibbet_a_chance,
          minmay_misc_feat_square
D:2:      layout_basic, dk_noncrumbling_2, nicolae_titane
D:3:      layout_rooms, nicolae_kikubaaqudgha_miasma_corner
D:4:      layout_basic
D:5:      layout_basic, minmay_temple_entry_grid, serial_shops,
          nicolae_shop_crystal, shop, nicolae_shop_waterfront, shop,
          nicolae_shop_pleasant_corner_grove, uniq_prince_ribbit1

Skill      XL: |  1  2  3  4  5  6  7 |
---------------+----------------------+-----
Ranged Weapons | 6 7 8 9 10 | 10.4
Fighting       | 2 |  2.9
Dodging        | 3 |  3.3
Armour         | 1 |  1.2
Stealth        | |  1.2

Action                     |  1- 3 |  4- 6 |  7- 9 || total
---------------------------+-------+-------+-------++-------
   Fire: Shortbow          |    95 |   164 |    25 ||   284
    Use: Scroll            |     6 |    10 |       ||    16
         Potion            |     1 |     1 |       ||     2
 Armour: Leather armour    |    13 |       |       ||    13
         Ring mail         |    13 |    25 |     8 ||    46
  Dodge: Dodged            |    48 |    33 |    11 ||    92

Table legend:
 A = Non-vault XP
 B = Vault XP
 C = Vault XP percentage of total XP
 D = Non-vault monster count
 E = Vault monster count
 F = Vault count percentage of total count
                 A         B        C        D         E       F
            +---------+---------+-------+---------+---------+-------
      Total |     940 |       0 |   0.0 |      87 |       0 |   0.0
            +---------+---------+-------+---------+---------+-------
        D:1 |      28 |       0 |   0.0 |      18 |       0 |   0.0
        D:2 |     177 |       0 |   0.0 |      27 |       0 |   0.0
        D:3 |      96 |       0 |   0.0 |      16 |       0 |   0.0
        D:4 |     338 |       0 |   0.0 |      20 |       0 |   0.0
        D:5 |     301 |       0 |   0.0 |       6 |       0 |   0.0
            +---------+---------+-------+---------+---------+-------
